AoeStats
← malon

Golden Pit

509688731Analyzed
1v1 RM · 4d ago on Sep 27, 2026· 40m 22s· 2 players
Game mode
Random Map
Map size
Tiny (2 player)
Population
200
Speed
Normal
Resources
Standard
Victory
Conquest
Starting age
Dark Age
Ending age
Imperial Age
RankedLock teamsTeams togetherTeam positionsShared explorationLock speedFull tech treeHidden civsTurbo modeCheats
Victory
Defeat
🇧🇪 Cumans · Belgium
821
+16
🇲🇽 Bengalis · Mexico
830
-16
malon
2:25 Loom
3:25 Loom
10:36 Feudal Age
11:29 Double-Bit Axe
11:45 Horse Collar
17:12 Scale Mail Armor
18:07 Man-at-Arms
23:15 Castle Age
22:06 Bloodlines
22:42 Wheelbarrow
22:30 Gold Mining
22:32 Stone Mining
25:51 Light Cavalry
27:15 Forging
27:20 Chain Mail Armor
26:55 Fletching
27:32 Squires
28:18 Pikeman
29:17 Arson
32:10 Iron Casting
31:50 Chain Mail Armor
31:40 Scale Barding Armor
34:51 Imperial Age
32:48 Scale Barding Armor
33:27 Steppe Husbandry
33:42 Murder Holes
35:18 Fervor
36:40 Chain Mail Armor
38:12 Halberdier
39:49 Padded Archer Armor
mayo24ap
3:20 Loom
10:44 Feudal Age
11:11 Horse Collar
11:17 Double-Bit Axe
19:18 Castle Age
20:02 Wheelbarrow
20:21 Town Watch
24:00 Hand Cart
25:59 Stone Mining
25:59 Gold Mining
27:58 Padded Archer Armor
30:20 Leather Archer Armor
33:29 Bow Saw
37:35 Imperial Age
35:24 Bloodlines
38:03 Scale Mail Armor
38:14 Forging
37:59 Crossbowman
41:00 Gold Shaft Mining
Connection lost

Rejoining the realm…

Still unreachable

The connection could not be restored.

Session expired

The server has moved on; the page needs a fresh start.